 Dungeon Crawl Stone Soup version 0.30-a0-371-gad7725a93e (webtiles) character file.

Game seed: 136832174412205137

995 porpoise the Trooper (level 8, -9/61 HPs)
             Began as a Djinni Fire Elementalist on Nov 23, 2022.
             Was a Follower of Makhleb.
             Mangled by an orc warrior
             ... wielding a +0 glaive
              (22 damage)
             ... on level 6 of the Dungeon.
             The game lasted 00:24:20 (4956 turns).

porpoise the Trooper (Djinni Fire Elementalist)     Turns: 4956, Time: 00:24:20

Health: -9/61      AC:  4    Str:  7    XL:     8   Next: 42%
Gold:   197        EV: 13    Int: 25    God:    Makhleb [*.....] SH:  0 Dex: 14

rFire   + . .      SeeInvis .    a - +1 dagger (drain)
rCold   . . .      Faith    .    (no shield)
rNeg    . . .      Spirit   .    F - +0 robe
rPois   ∞          Reflect  .    g - +0 helmet
rElec   .          Harm     .    (no cloak)
rCorr   .          Rampage  .    z - +0 pair of gloves
Will    .....                    (boots unavailable)
Stlth   ++........               (no amulet)
HPRegen 0.30/turn                c - +6 ring of intelligence
MPRegen 0.00/turn                t - ring of ice

@: flying
A: sickness immunity, fire resistance 2, cold vulnerability 1, float, innate
caster, HP casting, extra vitality 1
a: Renounce Religion


You were on level 6 of the Dungeon.
You worshipped Makhleb.
Makhleb was aware of your devotion.
You visited 2 branches of the dungeon, and saw 7 of its levels.

You collected 197 gold pieces.

Inventory:

Hand Weapons
 a - a +1 dagger of draining (weapon)
 b - a +0 sling
 C - a +1 falchion of protection
 H - a +2 dagger of electrocution
Missiles
 D - 3 atropa-tipped darts
 E - 4 poisoned darts
Armour
 g - a +0 helmet (worn)
 z - a +0 pair of gloves (worn)
 F - a +0 robe (worn)
Jewellery
 c - a +6 ring of intelligence (left hand)
 t - a ring of ice (right hand)
 y - a +6 ring of dexterity
Wands
 q - a wand of roots (5)
Scrolls
 e - 2 scrolls of blinking
 f - a scroll of noise {unknown}
 h - 2 scrolls of brand weapon
 i - 4 scrolls of torment
 j - 3 scrolls of magic mapping {unknown}
 l - a scroll of summoning {unknown}
 n - a scroll of amnesia {unknown}
 p - a scroll of poison {unknown}
 r - a scroll of fear
 s - a scroll of enchant armour {unknown}
 u - a scroll of teleportation {unknown}
 v - a scroll of fog {unknown}
 x - a scroll of vulnerability {unknown}
 B - 2 scrolls of immolation {unknown}
 G - a scroll of silence {unknown}
Potions
 d - 3 potions of curing
 k - a potion of attraction
 m - 2 potions of heal wounds
 o - a potion of resistance
 w - a potion of ambrosia
 A - a potion of degeneration {unknown}


   Skills:
 * Level 6.0 Fighting
 + Level 4.0 Dodging
 - Level 1.5 Stealth
 * Level 5.2 Spellcasting


You couldn't memorise any spells.
You knew the following spells:

 Your Spells              Type           Power      Damage    Failure   Level
a - Foxfire               Conj/Fire      100%       2x1d9     1%          1
b - Scorch                Fire           64%        2d8       1%          2
c - Kindle Blastsparks    Fire/Tloc/Air  64%        2d15      2%          3
d - Inner Flame           Hex/Fire       32%        N/A       2%          3
e - Flame Wave            Conj/Fire      32%        2d9       10%         4
f - Dazzling Flash        Conj/Hex       64%        N/A       2%          3
g - Apportation           Tloc           64%        N/A       1%          1
s - Static Discharge      Conj/Air       64%        2-5/arc   1%          2
Your spell library was empty.

Dungeon Overview and Level Annotations

Branches:
Dungeon (6/15)             Temple (1/1) D:5

Altars:
Ashenzari
Dithmenos
Elyvilon
Fedhas
Hepliaklqana
Makhleb
Nemelex Xobeh
Okawaru
Qazlal
Uskayaw
Wu Jian
Xom
Yredelemnul
Zin
The Shining One


Innate Abilities, Weirdness & Mutations

You are immune to sickness and miasma.
You are immune to poison.
Your flesh is very heat resistant. (rF++)
You are vulnerable to cold. (rC-)
You float through the air rather than walking.
You learn spells naturally, not from books.
Your magical power is your life essence.
You have superior vitality. (+4 MHP)


Message History

Confirm with . or Enter, or press ? or * to list all spells.
You conjure some foxfire!
The foxfire hits the orc warrior.
The orc warrior is lightly wounded.
Casting: Foxfire (safe; 1% risk of failure)
Confirm with . or Enter, or press ? or * to list all spells.
You can't see any susceptible monsters within range! (Use Z to cast anyway.)
The foxfire hits the orc warrior but does no damage.
The orc warrior is lightly wounded.
The foxfire hits the orc warrior but does no damage.
The orc warrior is lightly wounded.
Casting: Foxfire (safe; 1% risk of failure)
Confirm with . or Enter, or press ? or * to list all spells.
You conjure some foxfire!
Casting: Foxfire (safe; 1% risk of failure)
Confirm with . or Enter, or press ? or * to list all spells.
Flames lash the orc warrior.
The orc warrior is lightly wounded.
The orc warrior's fire resistance burns away.
The foxfire hits the orc warrior but does no damage.
The orc warrior is lightly wounded.
The foxfire hits the orc warrior but does no damage.
The orc warrior is lightly wounded.
Casting: Scorch (safe; 1% risk of failure)
Confirm with . or Enter, or press ? or * to list all spells.
You conjure some foxfire!
The orc warrior hits you from afar with a +0 glaive!
An orc comes into view. It is wielding a +1 vorpal mace.
The foxfire hits the orc warrior.
The orc warrior is burned terribly!
The orc warrior is moderately wounded.
The foxfire hits the orc warrior!
The orc warrior is burned terribly!
The orc warrior is heavily wounded.
The orc warrior hits you with a +0 glaive!!
* * * LOW HITPOINT WARNING * * *
You see here a black bear corpse.
The orc warrior attacks as you move away!
The orc warrior closely misses you. The orc warrior barely misses you.
There is a stone staircase leading up here.
The orc warrior is no longer more vulnerable to fire.
The orc warrior hits you from afar with a +0 glaive!!
You die...

## # #. .. #.
..$# #.
.....#.####
..........###
.......@oo..#
...###)##)#.....
#. ... ... #.
.### # #. .# #.
.# #. .. #. ..


You could see an orc warrior and an orc.

Vanquished Creatures
  An ice beast (D:5)
  2 black bears
  A necrophage (D:5)
  A scorpion (D:5)
  A howler monkey (D:5)
  A jelly (D:4)
  An orc priest (D:5)
  4 hounds
  Jessica (D:2)
  3 iguanas (D:5)
  Terence (D:2)
  2 orc wizards
  Robin (D:2)
  5 adders
  A shadow imp (D:6)
  2 worms
  5 dart slugs
  18 orcs
  4 ball pythons
  8 endoplasms
  4 giant cockroaches
  12 hobgoblins
  8 jackals
  8 kobolds
  5 quokkas
  4 bats
  3 frilled lizards
  10 goblins
  6 rats
123 creatures vanquished.

Vanquished Creatures (others)
  295 foxfires
295 creatures vanquished.

Grand Total: 418 creatures vanquished

Notes
Turn   | Place    | Note
-------+----------+-------------------------------------------
     0 | D:1      | porpoise the Djinni Fire Elementalist began the quest for
                  | the Orb.
     0 | D:1      | porpoise set off with the following spells memorised:
                  | Foxfire, Scorch, Kindle Blastsparks, Inner Flame, Flame
                  | Wave.
     0 | D:1      | Reached XP level 1. HP: 15/15 MP: 0/0
   159 | D:1      | Reached skill level 1 in Fighting
   159 | D:1      | Reached XP level 2. HP: 20/22 MP: 0/0
   382 | D:1      | Reached XP level 3. HP: 26/27 MP: 0/0
   382 | D:1      | Learned a level 1 spell: Apportation
   806 | D:2      | Noticed Jessica
   808 | D:2      | Killed Jessica
   809 | D:2      | Reached skill level 2 in Fighting
   809 | D:2      | Reached XP level 4. HP: 33/34 MP: 0/0
   841 | D:2      | Noticed Terence
   847 | D:2      | Killed Terence
  1175 | D:2      | Reached XP level 5. HP: 40/40 MP: 0/0
  1175 | D:2      | Learned a level 2 spell: Static Discharge
  1230 | D:2      | Reached skill level 3 in Fighting
  1239 | D:2      | Noticed Robin
  1248 | D:2      | Killed Robin
  1448 | D:2      | Found a faded altar of an unknown god.
  1466 | D:2      | Found a faded altar of an unknown god.
  2586 | D:3      | Reached XP level 6. HP: 42/46 MP: 0/0
  3010 | D:4      | Found a white marble altar of Elyvilon.
  3050 | D:4      | Reached skill level 4 in Fighting
  3143 | D:4      | Found a broken altar of Ashenzari.
  3143 | D:4      | Found a blossoming altar of Fedhas.
  3143 | D:4      | Found a sparkling altar of Nemelex Xobeh.
  3608 | D:5      | Entered Level 5 of the Dungeon
  3608 | D:5      | Found a staircase to the Ecumenical Temple.
  3617 | Temple   | Entered the Ecumenical Temple
  3794 | Temple   | Became a worshipper of Makhleb the Destroyer
  3945 | D:5      | Reached XP level 7. HP: 46/53 MP: 0/0
  3945 | D:5      | Learned a level 3 spell: Dazzling Flash
  4317 | D:5      | Reached skill level 5 in Fighting
  4480 | D:5      | Reached XP level 8. HP: 54/60 MP: 0/0
  4632 | D:5      | Reached skill level 5 in Spellcasting
  4824 | D:6      | Reached skill level 6 in Fighting
  4943 | D:6      | Reached * piety under Makhleb
  4956 | D:6      | Mangled by an orc warrior

Illustrated notes

Levels and vault maps discovered:
D:1:      tarquinn_simple_flora_water_a, layout_loops_ring
D:2:      layout_basic, hellmonk_ecumenical_altar_the_god_not_taken,
          roderic_lattice_a, uniq_terence, uniq_jessica, uniq_robin
D:3:      layout_loops_ring
D:4:      layout_basic, nicolae_elyvilon_temple_path,
          chequers_temple_overflow_statue_of_worship
D:5:      layout_basic, minmay_temple_entry_waves
D:6:      layout_loops_ring, kennysheep_minor_cross, moated_statue,
          nicolae_shop_fire_sale [nicolae_sub_dead_trees], minmay_misc_feat_chi,
          uniq_eustachio, uniq_pikel
Temple:   nicolae_temple_slightly_damp_pantheon

Skill      XL: |  1  2  3  4  5  6  7  8 |
---------------+-------------------------+-----
Fighting       | 1 2 3 4 5 6 |  6.0
Spellcasting   | 3 4 5 |  5.2
Dodging        | 3 4 |  4.0
Stealth        | |  1.5

Action                   |  1- 3 |  4- 6 |  7- 9 || total
-------------------------+-------+-------+-------++-------
Melee: Dagger            |    18 |    24 |     9 ||    51
       Unarmed           |     1 |       |       ||     1
 Cast: Foxfire           |    37 |    91 |    50 ||   178
       Scorch            |     4 |    13 |    16 ||    33
       Static Discharge  |       |     1 |       ||     1
  Use: Scroll            |       |     9 |       ||     9
 Stab: Sleeping          |       |     1 |       ||     1
Armor: Robe              |     7 |     5 |     2 ||    14
Dodge: Dodged            |    19 |    28 |     7 ||    54

Table legend: (Time is in decaauts)
 A = Elapsed time spent in this place.
 B = Non-inter-level travel time spent in this place.
 C = Inter-level travel time spent in this place.
 D = Time resting spent in this place.
 E = Time spent auto-exploring this place.
 F = Levels seen in this place.
 G = Mean time per level.
                   A        B        C        D        E       F      G
               +--------+--------+--------+--------+--------+-----+--------+
         Total |   4951 |   4774 |    177 |    932 |   2808 |   7 |  707.3 |
       Dungeon |   4760 |   4606 |    154 |    932 |   2653 |   6 |  793.3 |
        Temple |    191 |    168 |     23 |      0 |    155 |   1 |  191.0 |
               +--------+--------+--------+--------+--------+-----+--------+

Top non-repeatable levels by time:
     D:2: 1162 daAuts
     D:5: 1065 daAuts
     D:3: 832 daAuts
     D:4: 829 daAuts
     D:1: 778 daAuts
  Temple: 191 daAuts
     D:6: 91 daAuts
